[Event "ICC tourney 2668 (40 10)"]
[Site "Internet Chess Club"]
[Date "2021.09.11"]
[Round "3"]
[White "Kousen, Kenneth A:kenkousen"]
[Black "KRISHNAN, ASHVATH:ashvathk5"]
[Result "1-0"]
[ICCResult "Black checkmated"]
[WhiteElo "1566"]
[BlackElo "1366"]
[Opening "QGD: 4.Bg5 Nbd7"]
[ECO "D51"]
[NIC "QO.16"]
[Time "15:30:25"]
[TimeControl "2400+10"]

1. d4 d5 2. c4 e6 3. Nc3 Nf6 4. Bg5 Nbd7 5. cxd5 exd5 6. Nxd5 Nxd5 7. Bxd8
Bb4+ 8. Qd2 Bxd2+ 9. Kxd2 Kxd8 10. Nf3 Re8 11. e3 N7f6 12. h3 Ne4+ 13. Ke1
Be6 14. a3 f5 15. Rc1 f4 16. Bd3 Bf5 17. Bc4 Nb6 18. Ne5 fxe3 19. fxe3 Nd6
20. Kd2 Ndxc4+ 21. Nxc4 Nxc4+ 22. Rxc4 Kd7 23. Rf1 Rf8 24. d5 Bg6 25. Rcf4
Rxf4 26. Rxf4 Re8 27. g3 Re4 28. Rf3 Kd6 29. Rf8 Kxd5 30. Rg8 Re7 31. h4 h5
32. Rd8+ Kc6 33. Rf8 Rf7 34. Rg8 Kd5 35. Ke2 Ke4 36. Re8+ Kf5 37. Rd8 Kg4
38. Rd5 Kxg3 39. Rg5+ Kxh4 40. Rxg6 Kh3 41. e4 Re7 42. Ke3 h4 43. Kf3 Rf7+
44. Ke3 Kh2 45. e5 h3 46. e6 Re7 47. Kf2 Re8 48. Rxg7 Rxe6 49. Rxc7 Rb6 50.
b4 a6 51. Rh7 Rf6+ 52. Ke3 b5 53. Rg7 Rc6 54. Kd2 Kh1 55. Rg8 h2 56. Rg3 Rf6
57. Ke2 Rf4 58. Rg6 Rf7 59. Rg8 Rf4 60. Rg3 a5 61. bxa5 Ra4 62. Kf2 Rxa5 63.
Rb3 Ra4 64. Rb1# {Black checkmated} 1-0

[Event "ICC tourney 2668 (40 10)"]
[Site "Internet Chess Club"]
[Date "2021.09.11"]
[Round "3"]
[White "TREUSDELL, ROSS G:IveDoneEnough"]
[Black "Mason, Mike W:MikeWMason"]
[Result "1-0"]
[ICCResult "Black resigns"]
[WhiteElo "1730"]
[BlackElo "1598"]
[Opening "KGA: Fischer defense"]
[ECO "C34"]
[NIC "KG.02"]
[Time "15:30:49"]
[TimeControl "2400+10"]

1. e4 e5 2. f4 exf4 3. Nf3 d6 4. h4 Be7 5. d4 Nf6 6. Nc3 Bg4 7. Bxf4 Nh5 8.
Bg5 Ng3 9. Rh2 Nxf1 10. Kxf1 c6 11. Bxe7 Qxe7 12. Qd3 Nd7 13. g3 O-O-O 14.
Rf2 h6 15. b4 g5 16. b5 c5 17. Nd5 Qe6 18. hxg5 hxg5 19. Nh2 Rh7 20. Ke1
Rdh8 21. Nf1 f5 22. Nc3 fxe4 23. Qe3 cxd4 24. Qxd4 Rh1 25. Kd2 e3+ 26. Nxe3
Rxa1 27. Qxh8+ {Black resigns} 1-0

[Event "ICC tourney 2668 (40 10)"]
[Site "Internet Chess Club"]
[Date "2021.09.11"]
[Round "3"]
[White "TANG, VINCENT:VincentT2008"]
[Black "RAJANISH, ABHINAV:Knightboy123"]
[Result "1-0"]
[ICCResult "Black checkmated"]
[WhiteElo "1599"]
[BlackElo "1495"]
[Opening "QGD: 3.Nc3"]
[ECO "D31"]
[NIC "QP.08"]
[Time "15:30:26"]
[TimeControl "2400+10"]

1. d4 d5 2. c4 e6 3. Nc3 Bb4 4. cxd5 exd5 5. a3 Bxc3+ 6. bxc3 Nf6 7. Bg5 h6
8. Bh4 c6 9. e3 Bf5 10. Bd3 Bxd3 11. Qxd3 Nbd7 12. Ne2 Qe7 13. O-O Qe4 14.
Qxe4+ Nxe4 15. Rfd1 f5 16. f3 Nef6 17. Rab1 g5 18. Bg3 Nb6 19. Nc1 Rh7 20.
Nd3 Nfd7 21. Re1 Re7 22. h4 Kf7 23. hxg5 hxg5 24. Kf2 Rh8 25. Be5 Nxe5 26.
Nxe5+ Kf6 27. e4 fxe4 28. fxe4 Rh4 29. exd5 Nxd5 30. Rb3 c5 31. g3 Rh2+ 32.
Kg1 Rc2 33. Ng4+ Kf7 34. Rxe7+ Nxe7 35. dxc5 Ke6 36. Ne3 Ra2 37. c4 Nf5 38.
Nd5 Nd4 39. Rxb7 Ne2+ 40. Kf1 Nxg3+ 41. Ke1 Rc2 42. Re7+ Kf5 43. c6 Rxc4 44.
c7 Ne4 45. Ne3+ Kf6 46. Nxc4 Kxe7 47. c8=Q Nd6 48. Qc7+ Kf6 49. Qxd6+ Kf5
50. Ne3+ Ke4 51. Qe6+ Kd4 52. Nc2+ Kc3 53. Kd1 g4 54. Qe4 g3 55. Qd4+ Kb3
56. Qb4+ Ka2 57. a4 a5 58. Qa3+ Kb1 59. Qa1# {Black checkmated} 1-0

[Event "ICC tourney 2668 (40 10)"]
[Site "Internet Chess Club"]
[Date "2021.09.11"]
[Round "3"]
[White "WANG, KEVIN:Deepbrainfinal"]
[Black "KOEHL, EVAN:MacAndSneeze"]
[Result "1/2-1/2"]
[ICCResult "Game drawn by mutual agreement"]
[WhiteElo "1490"]
[BlackElo "1658"]
[Opening "Sicilian: Scheveningen (Paulsen), classical variation"]
[ECO "B84"]
[NIC "SI.23"]
[Time "15:30:25"]
[TimeControl "2400+10"]

1. e4 c5 2. Nf3 d6 3. d4 cxd4 4. Nxd4 Nf6 5. Nc3 a6 6. Be2 e6 7. O-O Be7 8.
f4 O-O 9. Nb3 Nbd7 10. Kh1 b5 11. Bf3 Bb7 12. a3 Rc8 13. Be3 Qc7 14. Rg1 Nc5
15. Nd2 Rfd8 16. g4 d5 17. e5 Nfe4 18. Bxe4 Nxe4 19. Ndxe4 dxe4 20. Qe2 Bc5
21. Rg3 Rd7 22. Rag1 Rcd8 23. h4 Bxe3 24. Qxe3 Rd2 25. R3g2 Rxg2 26. Rxg2
Qc4 27. f5 exf5 28. gxf5 Qf1+ 29. Kh2 Qxf5 30. Rg5 Qf3 31. Rxg7+ Kxg7 32.
Qg5+ Kh8 33. Qxd8+ Kg7 34. Qg5+ Kh8 35. Qd8+ Kg7 36. Qg5+
{Game drawn by mutual agreement}
1/2-1/2

[Event "ICC tourney 2668 (40 10)"]
[Site "Internet Chess Club"]
[Date "2021.09.11"]
[Round "3"]
[White "OPASKA, MICHAEL:mopaska1106"]
[Black "KAUR, JIND:ranu540"]
[Result "1-0"]
[ICCResult "Black checkmated"]
[WhiteElo "1881"]
[BlackElo "1176"]
[Opening "English opening"]
[ECO "A16"]
[NIC "EO.64"]
[Time "15:31:23"]
[TimeControl "2400+10"]

1. c4 Nf6 2. Nc3 g6 3. g3 Bg7 4. Bg2 O-O 5. Nf3 d5 6. d3 dxc4 7. dxc4 Qxd1+
8. Nxd1 Nc6 9. O-O Be6 10. Ne3 Rad8 11. Rb1 Ng4 12. b3 Nb4 13. a3 Nxe3 14.
Bxe3 Nc2 15. Bc5 Rfe8 16. Rbc1 Bf5 17. Nh4 Rd2 18. Nxf5 gxf5 19. Bxb7 Bb2
20. Rcd1 Rxe2 21. Rd7 Bxa3 22. Bxa7 Bd6 23. c5 Be5 24. Bf3 Re1 25. Rxe1 Nxe1
26. Bc6 Rf8 27. Kf1 Nc2 28. Rxe7 Nd4 29. Bd5 Bf6 30. Rxc7 Nb5 31. Rb7 Nxa7
32. Rxa7 Bd4 33. b4 Bc3 34. b5 Bd4 35. Rc7 Be5 36. Rd7 f4 37. c6 fxg3 38.
hxg3 Kg7 39. c7 Kg6 40. Rd8 Bxc7 41. Rxf8 Bb6 42. Rxf7 Kh6 43. Rf6+ Kg7 44.
Rxb6 Kf8 45. Re6 Kf7 46. b6 Kg7 47. b7 Kf7 48. b8=R Kg7 49. Rb7+ Kf8 50. Bc6
Kg8 51. Re8# {Black checkmated} 1-0

[Event "ICC tourney 2668 (40 10)"]
[Site "Internet Chess Club"]
[Date "2021.09.11"]
[Round "3"]
[White "Lin, James:MeLikeGame"]
[Black "BASKARRAJ, SAMUEL G:SamLightning"]
[Result "0-1"]
[ICCResult "White checkmated"]
[WhiteElo "1203"]
[BlackElo "1578"]
[Opening "Sicilian: closed"]
[ECO "B23"]
[NIC "SI.44"]
[Time "15:30:45"]
[TimeControl "2400+10"]

1. e4 c5 2. Nc3 g6 3. f4 Bg7 4. Nf3 Nc6 5. Bc4 d6 6. O-O Nf6 7. d3 Bg4 8. h3
Bxf3 9. Qxf3 O-O 10. f5 Ne5 11. Qg3 Nh5 12. Qf2 Nxc4 13. dxc4 e6 14. g4 Bxc3
15. gxh5 Bd4 16. Be3 Bxe3 17. Qxe3 g5 18. f6 h6 19. h4 Kh8 20. hxg5 hxg5 21.
Kh2 Rg8 22. Rf2 Qf8 23. Rg1 Qh6 24. Rf3 Rg6 25. Qc3 g4 26. Rfg3 Qxh5+ 27.
Kg2 Qg5 28. Qd3 Qxf6 29. Rf1 Qe7 30. Qe2 e5 31. Rxg4 Kg7 32. Qf3 Rg8 33. Kf2
Qe6 34. Rfg1 Qxc4 35. Rxg6+ fxg6 36. Qg4 Rf8+ 37. Ke1 Qf7 38. Qg3 Qf6 39.
Rh1 Qf4 40. Qh3 Qxe4+ 41. Kd2 Rf2+ 42. Kc3 Qxc2# {White checkmated} 0-1

[Event "ICC tourney 2668 (40 10)"]
[Site "Internet Chess Club"]
[Date "2021.09.11"]
[Round "3"]
[White "wang, William Kaiyuan:williamw601"]
[Black "Harmon, James E:pawnninja"]
[Result "1-0"]
[ICCResult "Black forfeits on time"]
[WhiteElo "1297"]
[BlackElo "1637"]
[Opening "Robatsch defense: two knights variation"]
[ECO "B06"]
[NIC "KF.05"]
[Time "15:30:48"]
[TimeControl "2400+10"]

1. e4 g6 2. d4 Bg7 3. Nf3 d6 4. Nc3 Bg4 5. Be2 e6 6. Bf4 Ne7 7. h3 Bxf3 8.
Bxf3 O-O 9. O-O Nd7 10. Bg3 a6 11. Bg4 Nc6 12. d5 exd5 13. Nxd5 Rb8 14. f4
Ne7 15. Nxe7+ Qxe7 16. f5 Bxb2 17. fxg6 Bxa1 18. gxh7+ Kh8 19. Qxa1+ Ne5 20.
Bf5 f6 21. Qc1 Qg7 22. Bf4 Rfe8 23. Bh6 Qf7 24. Qf4 Ng6 25. Qg3 Qxh7 26.
Qxg6 Qxg6 27. Bxg6 Re7 28. Rxf6 Rg8 29. Bf5 Rg3 30. Rf8+ Rg8 31. Rf6 Rg3 32.
Kf2 Rg8 33. Be3 Kg7 34. Rg6+ Kf7 35. Rh6 Ke8 36. Kf3 Reg7 37. Re6+ Kf7 38.
g4 Re8 39. Rh6 Ke7 40. Re6+ Kd8 41. Rf6 Ke7 42. Bd4 Rf7 43. Bg6
{Black forfeits on time}
1-0

[Event "ICC tourney 2668 (40 10)"]
[Site "Internet Chess Club"]
[Date "2021.09.11"]
[Round "3"]
[White "WU, WINSTON:K01-30022609"]
[Black "LATTIMORE, PETER J:AquaVir"]
[Result "1-0"]
[ICCResult "Black resigns"]
[WhiteElo "1336"]
[BlackElo "1608"]
[Opening "Caro-Kann: Panov-Botvinnik attack"]
[ECO "B13"]
[NIC "CK.02"]
[Time "15:30:39"]
[TimeControl "2400+10"]

1. e4 c6 2. d4 d5 3. exd5 cxd5 4. c4 Nc6 5. Nf3 Bg4 6. c5 e6 7. Be2 Nf6 8.
O-O Be7 9. Nc3 O-O 10. h3 Bh5 11. Be3 Rc8 12. a3 b6 13. Ba6 Rc7 14. Bf4 Rd7
15. Bb5 Bxf3 16. gxf3 Qc8 17. Qa4 Nxd4 18. Qxd4 Bxc5 19. Bxd7 Qxd7 20. Qe5
Rc8 21. Qg5 h6 22. Qg2 Kh8 23. Ne2 Rg8 24. Kh1 Qb5 25. Nc3 Qxb2 26. Na4 Qc2
27. Nxc5 bxc5 28. Rg1 Qf5 29. Rac1 c4 30. Be3 a6 31. Rce1 e5 32. Qg3 d4 33.
Bd2 c3 34. Rxe5 Qd3 35. Bf4 c2 36. Re7 Nh5 37. Qg4 Nxf4 38. Qxf4 Qc4 39.
Rxf7 Qb3 40. Rfxg7 Rxg7 41. Qxh6+ {Black resigns} 1-0

[Event "ICC tourney 2668 (40 10)"]
[Site "Internet Chess Club"]
[Date "2021.09.11"]
[Round "3"]
[White "SKARIAH, ANUSHKA ELIZABETH:kskariah"]
[Black "BRUDNO, STEPHEN:StevChess01"]
[Result "1-0"]
[ICCResult "Black resigns"]
[WhiteElo "1531"]
[BlackElo "1672"]
[Opening "Sicilian: O'Kelly variation"]
[ECO "B28"]
[NIC "SI.43"]
[Time "15:30:31"]
[TimeControl "2400+10"]

1. e4 c5 2. Nf3 a6 3. d4 cxd4 4. Nxd4 Nf6 5. Nc3 e5 6. Nb3 Bb4 7. Bd3 d6 8.
Bd2 O-O 9. O-O Bg4 10. f3 Be6 11. a3 Bxc3 12. Bxc3 Qc7 13. Kh1 Nbd7 14. Be2
Nc5 15. Bb4 Rfd8 16. Rc1 Rac8 17. Bd3 Ne8 18. Qe2 Qb8 19. Ba5 b6 20. Nxc5
dxc5 21. Bxa6 bxa5 22. Bxc8 Qxc8 23. Rfd1 Rxd1+ 24. Rxd1 c4 25. Qd2 Kf8 26.
Qxa5 c3 27. b3 Qc6 28. Qb4+ Kg8 29. Rd8 f6 30. a4 Kf7 31. a5 Qa6 32. Rd3 f5
33. Qxc3 fxe4 34. fxe4 Qa8 35. Qxe5 Qc6 36. c4 Qb7 37. Rf3+ Nf6 38. Qh5+ Ke7
39. Qc5+ Ke8 40. h3 Qxe4 41. Re3 Qb1+ 42. Kh2 Kf7 43. a6 Qf1 44. Rf3 Qa1 45.
a7 Qa6 46. Qc7+ Kf8 47. Qd8+ Kf7 48. a8=Q {Black resigns} 1-0

[Event "ICC tourney 2668 (40 10)"]
[Site "Internet Chess Club"]
[Date "2021.09.11"]
[Round "3"]
[White "PUPPALLA, PRANAY:checkmate1823"]
[Black "MUNAGANURI, VAMSI:TacticalVM"]
[Result "1-0"]
[ICCResult "Black resigns"]
[WhiteElo "1597"]
[BlackElo "1597"]
[Opening "Queen's pawn: London system"]
[ECO "A45"]
[NIC "QP.07"]
[Time "15:30:31"]
[TimeControl "2400+10"]

1. d4 Nf6 2. Bf4 c5 3. e3 e6 4. Nf3 d5 5. c3 Nc6 6. Bd3 Qb6 7. Qc2 Bd7 8.
Nbd2 Rc8 9. Qb3 c4 10. Qxb6 axb6 11. Bc2 b5 12. e4 dxe4 13. Nxe4 Nxe4 14.
Bxe4 f5 15. Bc2 b4 16. O-O b5 17. Rfe1 Be7 18. Ng5 Nd8 19. h4 h6 20. Nf3 Nf7
21. h5 Ng5 22. Ne5 Rg8 23. Ng6 bxc3 24. bxc3 Nf7 25. Bxf5 Bf6 26. Bxe6 Bxe6
27. Rxe6+ Kd7 28. Rae1 Rge8 29. Rxe8 Rxe8 30. Rxe8 Kxe8 31. Kf1 Ng5 32. f3
Ne6 33. Be5 Bxe5 34. Nxe5 Nf4 35. g4 Ke7 36. Kf2 Ke6 37. Ke3 Nd5+ 38. Kd2
Kf6 39. a4 bxa4 40. Nxc4 Kg5 41. Ne5 Kf4 42. c4 a3 43. Kc1 Nc3 44. Kc2 Ne2
45. Nc6 Kxf3 46. d5 Nf4 47. d6 Ne6 48. d7 Kxg4 49. d8=Q Nxd8 50. Nxd8 Kf5
51. c5 Ke5 52. Kb3 Kd5 53. Ne6 Kxe6 54. Kxa3 Kd5 55. Kb4 Kc6 56. Kc4 Kc7 57.
Kd5 Kd7 58. Ke5 Ke7 59. Kf5 Kf7 60. c6 Ke7 61. Kg6 Kd6 62. Kxg7 Kxc6 63.
Kxh6 Kd6 64. Kg6 Ke7 65. Kg7 Ke6 66. h6 {Black resigns} 1-0

[Event "ICC tourney 2668 (40 10)"]
[Site "Internet Chess Club"]
[Date "2021.09.11"]
[Round "3"]
[White "MOSS, MARVIN:mmoss2932"]
[Black "GUAN , TSZ YEUNG:DanielGuan"]
[Result "0-1"]
[ICCResult "White resigns"]
[WhiteElo "1553"]
[BlackElo "1365"]
[Opening "King's Indian: fianchetto, Panno variation"]
[ECO "E63"]
[NIC "KI.71"]
[Time "15:30:34"]
[TimeControl "2400+10"]

1. d4 Nf6 2. Nf3 g6 3. c4 Bg7 4. g3 d6 5. Bg2 O-O 6. O-O Nc6 7. Nc3 a6 8. e4
e5 9. h3 Bd7 10. Be3 Kh8 11. Qd2 Qc8 12. Kh2 Re8 13. Rac1 Ng8 14. Rfd1 exd4
15. Nxd4 Ne5 16. Nd5 Nf6 17. Bh6 Nc6 18. Bxg7+ Kxg7 19. Nxf6 Kxf6 20. Qf4+
Kg7 21. Nc2 Be6 22. Ne3 h5 23. b3 Ne5 24. Nd5 Bxd5 25. exd5 Qd7 26. Qd4 f6
27. Re1 b6 28. Rcd1 Re7 29. Qd2 Rh8 30. h4 Rhe8 31. f4 Nf7 32. Rxe7 Qxe7 33.
Kg1 Nh6 34. Kf2 Ng4+ 35. Kg1 Qe3+ 36. Qxe3 Rxe3 37. Rd2 Rxg3 38. Re2 Re3 39.
Kf1 Rxe2 40. Kxe2 Nh6 41. b4 Nf5 42. a4 Nxh4 43. Be4 f5 44. Bd3 a5 45. bxa5
bxa5 46. Ke3 Kf6 47. Be2 Ng2+ 48. Kf3 Ne1+ 49. Ke3 Nc2+ 50. Kd3 Nb4+ 51. Kd4
h4 52. c5 h3 53. cxd6 cxd6 54. Kc4 g5 55. fxg5+ Kxg5 56. Kb5 Nxd5 57. Kxa5
Nc3 58. Bf3 Kf4 59. Bh1 Kg3 60. Kb4 Nxa4 61. Kxa4 f4 {White resigns} 0-1

[Event "ICC tourney 2668 (40 10)"]
[Site "Internet Chess Club"]
[Date "2021.09.11"]
[Round "3"]
[White "MAZUMDAR, SHAURYA:raremystery"]
[Black "CAREY, MICHAEL P:xyzchessdude"]
[Result "0-1"]
[ICCResult "White checkmated"]
[WhiteElo "1658"]
[BlackElo "1815"]
[Opening "Sicilian: Richter-Rauzer, Rauzer attack, 7...a6 defense, 8...Bd7"]
[ECO "B67"]
[NIC "SI.30"]
[Time "15:30:32"]
[TimeControl "2400+10"]

1. e4 c5 2. Nf3 Nc6 3. d4 cxd4 4. Nxd4 Nf6 5. Nc3 d6 6. Bg5 e6 7. Qd2 a6 8.
O-O-O Bd7 9. Kb1 b5 10. f3 h6 11. Bh4 Qc7 12. Bxf6 gxf6 13. f4 h5 14. g3 Rc8
15. Nxc6 Bxc6 16. Bg2 b4 17. Ne2 f5 18. Nd4 fxe4 19. Rhe1 d5 20. f5 Bd7 21.
fxe6 Bxe6 22. Nxe6 fxe6 23. Qe2 Bg7 24. Bh3 Qe5 25. c3 bxc3 26. Rc1 O-O 27.
Qxa6 Rfe8 28. Re2 Rb8 29. b3 d4 30. Rec2 Rbc8 31. Rf1 d3 32. Qb7 dxc2+ 33.
Kxc2 Rc7 34. Qa6 Rd7 35. Qc6 Qd6 36. Bxe6+ Rxe6 37. Qa8+ Rd8 38. Qa3 Qd2+
39. Kb1 Qd3+ 40. Kc1 Qxf1+ 41. Kc2 Qd1# {White checkmated} 0-1

[Event "ICC tourney 2668 (40 10)"]
[Site "Internet Chess Club"]
[Date "2021.09.11"]
[Round "3"]
[White "CAO, RAY:rcww2020"]
[Black "JIANG, JASON:JasonJiang10"]
[Result "0-1"]
[ICCResult "White forfeits on time"]
[WhiteElo "1634"]
[BlackElo "1724"]
[Opening "Sicilian"]
[ECO "B50"]
[NIC "SI.01"]
[Time "15:30:28"]
[TimeControl "2400+10"]

1. e4 c5 2. Nf3 d6 3. c4 Nf6 4. Nc3 Nc6 5. d4 cxd4 6. Nxd4 g6 7. f3 Nxd4 8.
Qxd4 Bg7 9. Qd1 O-O 10. Be3 Be6 11. Bd3 Nd7 12. O-O Qc8 13. Qe2 Ne5 14. Nd5
Bxd5 15. cxd5 Nxd3 16. Qxd3 Bxb2 17. Rab1 Bf6 18. Qb5 Qc2 19. a4 b6 20. Rfc1
Qa2 21. Rc7 Rac8 22. Rbc1 Rxc7 23. Rxc7 Qa1+ 24. Rc1 Qa3 25. Kf2 Bd4 26. Re1
Qa2+ 27. Re2 Bxe3+ 28. Kxe3 Qa1 29. Kf2 Qd4+ 30. Kg3 Qe5+ 31. f4 Qh5 32. h3
g5 33. fxg5 Qxg5+ 34. Kh2 Kh8 35. Qd3 Rg8 36. Qf3 f6 37. Rc2 Qe5+ 38. g3 a6
39. Rc6 Qb2+ 40. Qg2 Qd4 41. Qc2 Qe5 42. Qg2 Qd4 43. Qc2 Qe3 44. Rc3 Qg5 45.
Qg2 h5 46. h4 Qe5 47. Rc6 Rg4 48. Kh3 Rxe4 49. Rxb6 Qf5+ 50. Kh2 Qg4 51. Rb2
f5 52. Rf2 Rxa4 53. Ra2 Re4 54. Rf2 a5 55. Qf1 Kh7 {White forfeits on time}
0-1

[Event "ICC tourney 2668 (40 10)"]
[Site "Internet Chess Club"]
[Date "2021.09.11"]
[Round "3"]
[White "LIU, ZACHARY HANKUN:K03-17349625"]
[Black "VIDENA, DANIEL TUAPEN:Davide25"]
[Result "0-1"]
[ICCResult "White checkmated"]
[WhiteElo "1592"]
[BlackElo "1453"]
[Opening "Caro-Kann: exchange, Rubinstein variation"]
[ECO "B13"]
[NIC "CK.02"]
[Time "15:30:26"]
[TimeControl "2400+10"]

1. e4 c6 2. d4 d5 3. exd5 cxd5 4. Bd3 Nc6 5. c3 Nf6 6. Bf4 Bg4 7. Nf3 e6 8.
Nbd2 Bd6 9. Bxd6 Qxd6 10. h3 Bh5 11. O-O O-O 12. Qb3 Rab8 13. Rae1 Nd7 14.
Qc2 Bg6 15. Bxg6 hxg6 16. Re2 b5 17. a3 a5 18. Qd3 b4 19. axb4 axb4 20. Rfe1
Rfc8 21. Ng5 bxc3 22. bxc3 Nd8 23. Ndf3 Rb3 24. Rc2 Qa3 25. Rec1 f6 26. Nd2
Rb7 27. Ngf3 Kf7 28. Nh4 Nf8 29. f4 Rbc7 30. Nhf3 Nb7 31. Nb1 Qb3 32. Nfd2
Qa4 33. Nf3 Nd6 34. Qe2 Ne4 35. Nfd2 f5 36. Nxe4 fxe4 37. Nd2 Qa7 38. Nf1
Nd7 39. Ne3 Nb6 40. Ng4 Nc4 41. Ne5+ Nxe5 42. fxe5 Qa4 43. Qf2+ Kg8 44. Qg3
Kh7 45. Qh4+ Kg8 46. Qg4 Qe8 47. Qg3 Rc4 48. Kf2 Qf7+ 49. Ke2 Rf8 50. Ra2
Rfc8 51. Qe3 Qc7 52. Rac2 Qd7 53. Qg3 Qb5 54. Kd2 Qe8 55. Rf1 R8c7 56. Rf4
Kh7 57. Rh4+ Kg8 58. Rg4 Qf7 59. Rxg6 e3+ 60. Ke2 Rxc3 61. Rxc3 Rxc3 62. Rg4
Qb7 63. Qe1 Qb2+ 64. Kf3 e2+ 65. Kf2 Rc1 66. Qxe2 Rc2 67. Qxc2 Qxc2+ 68. Ke3
Qc3+ 69. Ke2 Qc2+ 70. Ke3 Qd1 71. Rf4 Qe1+ 72. Kf3 Kh7 73. Kg4 Qe2+ 74. Kg3
Qe3+ 75. Kg4 Kh6 76. h4 Qe2+ 77. Kh3 Qe3+ 78. g3 Qd2 79. Rg4 g6 80. Rf4 Kh5
81. Rg4 Qd3 82. Rf4 Kh6 83. Kg4 Qe2+ 84. Kh3 Qd1 85. Kg2 Kh5 86. Kh2 Qe2+
87. Kg1 Qe3+ 88. Kg2 Qxf4 89. gxf4 Kxh4 90. Kf3 Kh3 91. Ke2 Kg3 92. Ke3 Kg4
93. Kd3 Kxf4 94. Ke2 g5 95. Kf2 g4 96. Kg2 g3 97. Kg1 Ke4 98. Kg2 Kxd4 99.
Kxg3 Kxe5 100. Kf2 Kf4 101. Ke2 e5 102. Kd3 e4+ 103. Ke2 d4 104. Ke1 e3 105.
Ke2 Ke4 106. Ke1 d3 107. Kd1 e2+ 108. Kd2 Kf3 109. Ke1 d2+ 110. Kxd2 Kf2
111. Kd3 e1=Q 112. Kd4 Qe3+ 113. Kc4 Qd2 114. Kc5 Qd3 115. Kb4 Qc2 116. Kb5
Qc3 117. Kb6 Qc4 118. Kb7 Qc5 119. Ka8 Qe7 120. Kb8 Ke3 121. Kc8 Kd4 122.
Kb8 Kc5 123. Ka8 Kb6 124. Kb8 Qe8# {White checkmated} 0-1

[Event "ICC tourney 2668 (40 10)"]
[Site "Internet Chess Club"]
[Date "2021.09.11"]
[Round "4"]
[White "BASKARRAJ, SAMUEL G:SamLightning"]
[Black "wang, William Kaiyuan:williamw601"]
[Result "1-0"]
[ICCResult "Black resigns"]
[WhiteElo "1578"]
[BlackElo "1297"]
[Opening "Trompowsky attack (Ruth, Opocenský opening)"]
[ECO "A45"]
[NIC "QP.07"]
[Time "17:45:38"]
[TimeControl "2400+10"]

1. d4 Nf6 2. Bg5 e6 3. e4 h6 4. Bxf6 Qxf6 5. e5 Qd8 6. f4 b6 7. Nf3 Bb7 8.
c4 Bb4+ 9. Nc3 d6 10. a3 Bxc3+ 11. bxc3 dxe5 12. fxe5 Nd7 13. Be2 Qe7 14.
O-O O-O 15. Bd3 f6 16. Qe2 fxe5 17. Nxe5 Nf6 18. Ng6 Qd7 19. Nxf8 Rxf8 20.
Bg6 Qc6 21. Rae1 Kh8 22. Rf2 Bc8 23. Ref1 a5 24. Qe3 Qxc4 25. Rxf6
{Black resigns}
1-0

[Event "ICC tourney 2668 (40 10)"]
[Site "Internet Chess Club"]
[Date "2021.09.11"]
[Round "4"]
[White "ANDRADE, LUIS:Landrade"]
[Black "CAO, RAY:rcww2020"]
[Result "1-0"]
[ICCResult "Black checkmated"]
[WhiteElo "1066"]
[BlackElo "1634"]
[Opening "Queen's pawn game"]
[ECO "A46"]
[NIC "QP.06"]
[Time "17:45:39"]
[TimeControl "2400+10"]

1. d4 Nf6 2. Nf3 d6 3. Bg5 Nbd7 4. e3 g6 5. Bd3 Bg7 6. Nbd2 c5 7. O-O a6 8.
Re1 O-O 9. c3 cxd4 10. cxd4 b5 11. e4 Bb7 12. e5 dxe5 13. dxe5 Ng4 14. e6
Ngf6 15. exf7+ Rxf7 16. Bc2 Kh8 17. Ne4 Nxe4 18. Bxe4 Bxe4 19. Rxe4 Bxb2 20.
Rb1 Bf6 21. Qd5 Qe8 22. Rbe1 Rg7 23. Re6 Bxg5 24. Nxg5 Rd8 25. Qd4 Nf6 26.
Qxf6 Qd7 27. Nf7+ Kg8 28. Nxd8 Qxd8 29. Rxe7 Rxe7 30. Qxe7 Qa5 31. Rd1 Qxa2
32. Rd8# {Black checkmated} 1-0

[Event "ICC tourney 2668 (40 10)"]
[Site "Internet Chess Club"]
[Date "2021.09.11"]
[Round "4"]
[White "MUNAGANURI, VAMSI:TacticalVM"]
[Black "SULTAN, BASHIR Cisse:muzikmixer"]
[Result "1/2-1/2"]
[ICCResult "Game drawn by mutual agreement"]
[WhiteElo "1597"]
[BlackElo "1581"]
[Opening "Pirc: Ufimtsev-Pytel variation"]
[ECO "B07"]
[NIC "PU.08"]
[Time "17:45:38"]
[TimeControl "2400+10"]

1. e4 d6 2. d4 Nf6 3. Nc3 c6 4. Nf3 Bg4 5. Be2 e6 6. Bg5 Be7 7. O-O O-O 8.
Qd2 Bxf3 9. Bxf3 d5 10. e5 Nfd7 11. Be3 c5 12. Rad1 Nc6 13. Ne2 cxd4 14.
Bxd4 Ndxe5 15. Bxe5 Nxe5 16. Nd4 Nxf3+ 17. Nxf3 Qb6 18. c3 Bf6 19. Qf4 Qxb2
20. Rb1 Qxa2 21. Rxb7 Qc4 22. Qg3 Qxc3 23. Rfb1 a5 24. h3 h6 25. R7b3 Qc2
26. Ne1 Qe4 27. f3 Qd4+ 28. Kh1 Be5 29. Qg4 Qxg4 30. hxg4 a4 31. Ra3 Bd6 32.
Ra2 a3 33. Nc2 Rfc8 34. g3 Rxc2 35. Rxc2 a2 36. Ra1 Bxg3 37. Raxa2 Rf8 38.
Kg2 Bf4 39. Ra4 e5 40. Rc3 Rb8 41. Ra2 d4 42. Rca3 Rb1 43. Rd3 Kh7 44. Re2
Kg6 45. Rc2 Kg5 {Game drawn by mutual agreement} 1/2-1/2

[Event "ICC tourney 2668 (40 10)"]
[Site "Internet Chess Club"]
[Date "2021.09.11"]
[Round "4"]
[White "Harmon, James E:pawnninja"]
[Black "RAJANISH, ABHINAV:Knightboy123"]
[Result "0-1"]
[ICCResult "White resigns"]
[WhiteElo "1637"]
[BlackElo "1495"]
[Opening "Sicilian: Smith-Morra gambit"]
[ECO "B21"]
[NIC "SI.48"]
[Time "17:46:13"]
[TimeControl "2400+10"]

1. e4 c5 2. d4 cxd4 3. c3 dxc3 4. Nxc3 d6 5. Bc4 e6 6. Nf3 Nc6 7. O-O Be7 8.
Qe2 Nf6 9. Rd1 Qb6 10. Be3 Qc7 11. Nb5 Qb8 12. Bf4 e5 13. Bg5 a6 14. Bxf6
gxf6 15. Nc3 Bg4 16. Nd5 Rg8 17. b4 Nd4 18. Rxd4 exd4 19. Nxe7 Kxe7 20. Qd3
Bxf3 21. Qxf3 Qc7 22. Qb3 Rac8 23. Rc1 b5 24. e5 bxc4 25. exd6+ Qxd6 26.
Rxc4 Qe6 27. Qd3 Rxc4 {White resigns} 0-1

[Event "ICC tourney 2668 (40 10)"]
[Site "Internet Chess Club"]
[Date "2021.09.11"]
[Round "4"]
[White "VIDENA, DANIEL TUAPEN:Davide25"]
[Black "TANG, VINCENT:VincentT2008"]
[Result "0-1"]
[ICCResult "White resigns"]
[WhiteElo "1453"]
[BlackElo "1599"]
[Opening "Benkö gambit"]
[ECO "A57"]
[NIC "BI.46"]
[Time "17:45:55"]
[TimeControl "2400+10"]

1. d4 Nf6 2. c4 c5 3. d5 b5 4. b3 bxc4 5. bxc4 g6 6. Bb2 d6 7. Nc3 Bg7 8.
Qc2 O-O 9. e4 Nbd7 10. f4 Rb8 11. Bd3 e6 12. Nge2 exd5 13. exd5 Re8 14. O-O
Ng4 15. Bc1 Qh4 16. h3 Rxe2 17. Bxe2 Bd4+ 18. Kh1 Ndf6 19. Qd3 Nf2+ 20. Rxf2
Qxf2 21. Bd2 Bf5 22. Qf3 Qxf3 23. Bxf3 Rb2 24. Rd1 Rxd2 25. Rxd2 Bxc3 26.
Rd1 Be4 27. Be2 Nd7 28. Kh2 f5 29. Bd3 Bxd3 30. Rxd3 Bd4 31. Ra3 Nb6 32.
Rxa7 Nxc4 33. Kg3 Nb6 34. Ra6 c4 35. Kf3 Bc5 36. a4 Nxd5 37. g3 c3 38. Ke2
c2 39. Kd2 Be3+ 40. Kxc2 Nb4+ 41. Kc3 Nxa6 42. Kd3 Bc5 43. Kc4 Kf7 44. Kb5
Nc7+ 45. Kc6 Ne6 46. a5 Nd4+ 47. Kd5 Ne2 48. a6 Nxg3 49. h4 Ne2 50. Kc6 Nxf4
51. Kb5 Ng2 52. Kc4 Nxh4 53. Kd5 f4 54. Ke4 f3 {White resigns} 0-1

[Event "ICC tourney 2668 (40 10)"]
[Site "Internet Chess Club"]
[Date "2021.09.11"]
[Round "4"]
[White "SKARIAH, ANUSHKA ELIZABETH:kskariah"]
[Black "WU, WINSTON:K01-30022609"]
[Result "1-0"]
[ICCResult "Black checkmated"]
[WhiteElo "1531"]
[BlackElo "1336"]
[Opening "French: advance, Euwe variation"]
[ECO "C02"]
[NIC "FR.03"]
[Time "17:45:45"]
[TimeControl "2400+10"]

1. e4 e6 2. d4 d5 3. e5 c5 4. c3 Nc6 5. Nf3 Bd7 6. a3 Nge7 7. b4 cxd4 8.
cxd4 Nf5 9. Be2 Qb6 10. Bb2 Be7 11. O-O O-O 12. Bd3 a5 13. b5 Na7 14. Nc3
Nxb5 15. Nxb5 Bxb5 16. Qb3 Qa7 17. Qxb5 Rac8 18. Rac1 Nh4 19. Nxh4 Bxh4 20.
f4 b6 21. f5 Bg5 22. Rxc8 Rxc8 23. Qb3 Qc7 24. h3 Qd8 25. Qd1 Be3+ 26. Kh1
Qh4 27. Qf3 Qg5 28. fxe6 Qe7 29. exf7+ Kf8 30. Bxh7 Bh6 31. Qxd5 Rd8 32. Qe4
Rd7 33. e6 Rd6 34. d5 Rd8 35. Be5 b5 36. d6 Rxd6 37. Bxd6 Qxd6 38. e7+ Qxe7
39. Qxe7+ Kxe7 40. f8=Q+ Ke6 41. Bg8+ Kd7 42. Rd1+ Kc7 43. Qd6+ Kb7 44. Bd5+
Ka7 45. Qc7+ Ka6 46. Qb7# {Black checkmated} 1-0